Map: Eastwatch LE

Players

NightEnD - Winner!

  • Race: Protoss Protoss
  • Spawn Location: 7:00

iGXiGua (XiGua)

  • Race: Zerg Zerg
  • Spawn Location: 1:00

Event: WESG 2017 Haikou

VOD

Have the link to the VOD?

Description

Time

  • Played on: March 13, 2018, 2:22 a.m.
  • Length: 6:46

All games in this series

Show
View Real Time Build Order
Export as new Build Order

NightEnD Protoss - Winner!

Build Orders: 1 Gate Expand, Oracle Opening 

Get SALT Encoding   

  12  0:01  Probe  
  13  0:13  Probe  
  14  0:25  Pylon  
  14  0:27  Probe  
  15  0:43  Probe (Chrono Boost)  
  15  0:48  Assimilator, Gateway  
  16  0:53  Probe (Chrono Boost)  
  17  0:58  Probe (Chrono Boost)  
  18  1:09  Probe  
  19  1:21  Probe  
  20  1:30  Nexus  
  20  1:34  Probe  
  21  1:42  Cybernetics Core  
  21  1:46  Probe  
  22  1:50  Assimilator  
  22  1:56  Pylon  
  22  1:59  Probe  
  23  2:14  Probe  
  24  2:20  Stargate  
  24  2:23  Adept (Chrono Boost)  
  24  2:27  Probe  
  27  2:34  Warp Gate  
  27  2:39  Probe  
  27  2:43  Probe  
  29  2:51  Probe  
  29  2:55  Probe  
  31  2:59  Twilight Council  
  31  3:03  Oracle (Chrono Boost), Probe  
  32  3:07  Probe  
  32  3:08  Pylon  
  36  3:14  Pylon  
  36  3:15  Probe  
  36  3:19  Probe  
  38  3:27  Probe, Twilight Council  
  38  3:31  Probe  
  38  3:34  Gateway  
  40  3:38  Stalker (Chrono Boost)  
  40  3:40  Probe  
  43  3:43  Probe  
  44  3:52  Probe  
  45  3:59  Probe, Resonating Glaives (Chrono Boost)  
  46  4:06  Gateway  
  46  4:08  Gateway  
  47  4:10  Gateway  
  47  4:15  Gateway  
  46  4:17  Pylon  
  46  4:27  Gateway  
  46  4:29  Gateway  
  46  4:39  Adept  
  45  4:55  Adept  
  45  5:03  Probe  
  45  5:05  Probe  
  44  5:08  Adept  
  44  5:15  Adept, Probe  
  44  5:18  Adept x2  
  44  5:19  Adept x2  
  55  5:25  Adept x2  
  55  5:27  Pylon  
  59  5:28  Pylon  
  59  5:30  Adept  
  61  6:02  Adept x2  
  61  6:03  Adept x6  
  75  6:32  Adept  
Show
View Real Time Build Order
Export as new Build Order

iGXiGua Zerg 

Build Orders: Hatch First 

Get SALT Encoding   

  12  0:02  Drone  
  13  0:13  Overlord  
  13  0:18  Drone  
  14  0:32  Drone x2  
  16  0:36  Drone  
  17  0:52  Hatchery  
  17  0:56  Drone  
  17  0:58  Drone  
  18  1:10  Extractor  
  17  1:14  Spawning Pool  
  17  1:17  Drone  
  17  1:21  Drone  
  18  1:28  Drone  
  19  1:39  Drone  
  20  1:48  Hatchery  
  20  1:51  Drone  
  20  2:02  Zergling x2  
  20  2:04  Queen  
  20  2:08  Drone  
  24  2:11  Drone  
  25  2:16  Metabolic Boost  
  25  2:23  Overlord  
  25  2:27  Drone  
  25  2:28  Drone  
  27  2:40  Drone  
  27  2:41  Queen  
  30  2:45  Overlord  
  30  2:47  Drone  
  30  2:49  Drone  
  32  2:54  Drone  
  33  2:58  Drone  
  33  3:03  Queen  
  36  3:08  Drone  
  37  3:15  Drone x6  
  37  3:19  Overlord  
  43  3:23  Zergling x4  
  45  3:29  Zergling x2  
  46  3:38  Zergling x6  
  46  3:50  Spore Crawler  
  46  3:52  Spore Crawler  
  46  3:53  Spore Crawler, Zergling x12  
  46  3:56  Drone  
  46  3:58  Drone  
  46  4:05  Drone  
  46  4:07  Drone x2  
  49  4:11  Drone  
  49  4:14  Drone  
  49  4:16  Overlord  
  51  4:17  Overlord  
  52  4:24  Drone x2  
  52  4:28  Overlord  
  52  4:30  Drone x2  
  52  4:31  Drone  
  56  4:35  Overlord  
  56  4:41  Drone x4  
  56  4:45  Drone x2  
  60  4:52  Drone x4  
  62  4:53  Drone  
  62  4:56  Drone  
  62  4:59  Drone  
  63  5:05  Drone x7  
  67  5:10  Extractor  
  67  5:11  Drone  
  65  5:20  Extractor  
  65  5:21  Drone x3  
  67  5:22  Extractor  
  67  5:24  Baneling Nest  
  67  5:26  Drone x2, Evolution Chamber  
  66  5:28  Drone  
  67  5:37  Drone x3  
  67  5:40  Drone x4  
  74  5:44  Extractor  
  74  5:46  Hatchery, Zergling x2  
  74  5:47  Zergling x6  
  74  5:49  Extractor, Zergling x2  
  74  5:55  Zergling x2  
  69  5:59  Zergling x12  
  69  6:02  Zergling x2  
  65  6:06  Zergling x4  
  65  6:10  Baneling x3  
  59  6:12  Zergling x2  
  59  6:18  Zergling x4  
  51  6:20  Zergling x4  
  51  6:21  Zergling x2  
  50  6:28  Zergling x10  
Tags
 
Add a new tag
Caveats
  • Supply blocks, unpowered buildings, or Contaminate may cause inaccurate times.
  • Supply counts are checked every 10 seconds.